 Dungeon Sprint DCSS version 0.19.1-1-g22dce08 (webtiles) character file.

1233 dvd the Protected (level 8, -1/82 HPs)
             Began as a Minotaur Fighter on Jan 2, 2017.
             Was a Follower of Okawaru.
             Slain by Sonja
             ... wielding a +2 short sword of distortion
              (4 damage)
             ... in the Dungeon (Sprint I: "Red Sonja").
             The game lasted 00:03:45 (1341 turns).

dvd the Protected (Minotaur Fighter)                Turns: 1341, Time: 00:03:47

Health: -1/82      AC: 10    Str: 27    XL:     8   Next: 24%
Magic:  5/7        EV: 14    Int: 10    God:    Okawaru [*.....]
Gold:   115        SH: 15    Dex: 11    Spells: 0 memorised, 7 levels left

rFire  . . .     SeeInvis .     a - +0 war axe
rCold  + . .     Gourm    .     l - +0 scale mail {rC+}
rNeg   . . .     Faith    .     c - +0 shield
rPois  .         Spirit   .     (helmet restricted)
rElec  .         Reflect  .     (no cloak)
rCorr  .         Harm     .     (no gloves)
MR     .....     NoTele   +     (no boots)
Stlth  +.........               (no amulet)
                                (no ring)
                                (no ring)

@: mighty, brilliant, lethally poisoned (-1 -> -19), heroism, slowed, very slow
A: retaliatory headbutt, horns 2
a: Heroism, Renounce Religion


You were in the Dungeon.
You worshipped Okawaru.
Okawaru was aware of your devotion.
You were very hungry.

You visited 1 branch You collected 405 gold pieces.
You spent 290 gold pieces at shops.

Inventory:

Hand Weapons
 a - a +0 war axe (weapon)
Armour
 b - a +0 scale mail
 c - a +0 shield (worn)
 l - a +0 scale mail of cold resistance (worn)
Wands
 e - a wand of random effects (9/48)
Scrolls
 k - a scroll of blinking
Potions
 h - a potion of haste
 i - 2 potions of magic
Comestibles
 f - a bread ration


   Skills:
 + Level 11.4(16.4) Fighting
 + Level 10.6(15.6) Axes
 + Level 11.6(16.6) Armour
 + Level 2.9(7.9) Dodging
 + Level 11.1(16.1) Shields


You had 7 spell levels left.
You didn't know any spells.

Dungeon Overview and Level Annotations

Branches:
Dungeon (1/1)

Altars:
Cheibriados
Dithmenos
Elyvilon
Fedhas
Gozag
Hepliaklqana
Kikubaaqudgha
Makhleb
Nemelex Xobeh
Okawaru
Qazlal
Ru
Sif Muna
Trog
Uskayaw
Vehumet
Xom
Yredelemnul
Zin
The Shining One
Jiyva
Lugonu

Shops:
D [

Annotations:
D Sonja


Innate Abilities, Weirdness & Mutations

You reflexively headbutt those who attack you in melee.
You have a pair of horns on your head.


Message History

You gain the combat prowess of a mighty hero.
* * * LOW HITPOINT WARNING * * *
You feel very sick. Sonja hits you but does no damage. Sonja barely misses you.
Sonja closely misses you. You block Sonja's attack. Sonja barely misses you.
Sonja hits you but does no damage. Space bends around you.
* * * LOW HITPOINT WARNING * * *
You closely miss Sonja. Your headbutt misses Sonja.
* * * LOW HITPOINT WARNING * * *
You feel sick.
Sonja hits you but does no damage. x2; Space bends around you.
* * * LOW HITPOINT WARNING * * *
You block Sonja's attack.
Unknown command.
It was a potion of brilliance.
You feel clever all of a sudden.
* * * LOW HITPOINT WARNING * * *
You feel very sick. You block Sonja's attack.
Sonja hits you with an uncursed short sword of distortion.
You die...

##########################
#<.#..)..#.)'..#__#..ss..#
#..').#..'..#..'..+s.#§..#
#..#####'#####'#__####...ss.#
#..####..#...#)#### ####ss+
#..#__####..##.# ##
#..#_____##'#@K+
#⌠⌠#_.∩...'.(._#
####_..__##_(#'#
#_____###(#.# ####### #.###
$.$ #$.$# ##.## #+#


You could see Sonja.

Vanquished Creatures
  2 kobold demonologists (D)
  A slime creature (D)
  Sigmund (D)
  A yak (D)
  A floating eye (D)
  An ogre (D)
  A jelly (D)
  Ijyb (D)
9 creatures vanquished.

Notes
Turn   | Place    | Note
-------+----------+-------------------------------------------
     0 | D        | dvd the Minotaur Fighter began the quest for the Orb.
     0 | D        | Reached XP level 1. HP: 19/19 MP: 0/0
     1 | D        | Noticed Ijyb
    13 | D        | Killed Ijyb
    13 | D        | Reached skill level 5 in Fighting
    13 | D        | Reached skill level 5 in Armour
    13 | D        | Reached skill level 5 in Shields
    13 | D        | Reached XP level 2. HP: 15/29 MP: 1/1
   123 | D        | Noticed an ogre
   129 | D        | Killed an ogre
   129 | D        | Reached XP level 3. HP: 12/38 MP: 2/2
   129 | D        | Reached XP level 4. HP: 15/45 MP: 3/3
   335 | D        | Noticed Sigmund
   349 | D        | Killed Sigmund
   349 | D        | Reached XP level 5. HP: 24/56 MP: 4/4
   349 | D        | Reached XP level 6. HP: 27/62 MP: 5/5
   565 | D        | Found a deep blue altar of Sif Muna.
   567 | D        | Found a radiant altar of Vehumet.
   592 | D        | Found Wucho's Antique Armour Emporium.
   592 | D        | Found an ancient bone altar of Kikubaaqudgha.
   592 | D        | Found a hazy altar of Hepliaklqana.
   592 | D        | Found a stormy altar of Qazlal.
   592 | D        | Found a hide-covered altar of Uskayaw.
   592 | D        | Found a blossoming altar of Fedhas.
   592 | D        | Found a bloodstained altar of Trog.
   592 | D        | Found an iron altar of Okawaru.
   592 | D        | Found a basalt altar of Yredelemnul.
   592 | D        | Found a glowing golden altar of the Shining One.
   592 | D        | Found a snail-covered altar of Cheibriados.
   592 | D        | Found a sacrificial altar of Ru.
   592 | D        | Found a glowing silver altar of Zin.
   592 | D        | Found a shadowy altar of Dithmenos.
   592 | D        | Found a white marble altar of Elyvilon.
   592 | D        | Noticed a yak
   603 | D        | Killed a yak
   603 | D        | Reached skill level 10 in Armour
   603 | D        | Reached skill level 1 in Dodging
   604 | D        | Found an opulent altar of Gozag.
   605 | D        | Found a sparkling altar of Nemelex Xobeh.
   614 | D        | Became a worshipper of Warmaster Okawaru
   616 | D        | Bought a runed scale mail for 290 gold pieces
   642 | D        | Found a viscous altar of Jiyva.
   642 | D        | Found a corrupted altar of Lugonu.
   642 | D        | Noticed a slime creature
   643 | D        | Found a burning altar of Makhleb.
   643 | D        | Found a shimmering altar of Xom.
   655 | D        | Killed a slime creature
   655 | D        | Reached skill level 10 in Fighting
   655 | D        | Reached skill level 10 in Shields
   655 | D        | Reached XP level 7. HP: 18/72 MP: 6/6
   940 | D        | Noticed a kobold demonologist
   943 | D        | Noticed a kobold demonologist
   948 | D        | Noticed an orange demon
   949 | D        | Killed a kobold demonologist
   962 | D        | Killed a kobold demonologist
   962 | D        | Reached * piety under Okawaru
   962 | D        | Reached skill level 10 in Axes
   962 | D        | Reached XP level 8. HP: 40/82 MP: 7/7
   963 | D        | Noticed a demonic crawler
   963 | D        | Noticed a demonic crawler
   963 | D        | Noticed a demonic crawler
   963 | D        | Noticed a demonic crawler
  1331 | D        | Noticed Sonja
  1341 | D        | HP: 3/82 [poisoned by Sonja (curare-tipped needle)]
  1341 | D        | Slain by Sonja

Skill      XL: |  1  2  3  4  5  6  7 |
---------------+----------------------+-----
Fighting       | 5 6 8 10 11 | 11.4
Axes           | 3 4 6 8 10 | 10.6
Armour         | 5 6 8 10 11 | 11.6
Shields        | 5 7 8 10 11 | 11.1
Dodging        | 2 |  2.9

Action                   |  1- 3 |  4- 6 |  7- 9 || total
-------------------------+-------+-------+-------++-------
Melee: War axe           |    16 |    35 |    18 ||    69
       Headbutt          |     3 |     4 |     5 ||    12
Invok: Heroism           |       |       |     1 ||     1
  Use: Potion            |     1 |     1 |     3 ||     5
Armor: Scale mail        |     5 |     5 |     9 ||    19
Dodge: Dodged            |     3 |     5 |    14 ||    22
Block: Shield            |    10 |    11 |    16 ||    37
